 Dungeon Crawl Stone Soup version 0.21.1-1-g345015f (webtiles) character file.

122 shakethe the Shield-Bearer (level 5, -7/42 HPs)
             Began as a Formicid Fighter on Feb 23, 2018.
             Mangled by Setanta's ghost (11 damage)
             ... on level 4 of the Dungeon.
             The game lasted 00:02:48 (2532 turns).

shakethe the Shield-Bearer (Formicid Fighter)       Turns: 2532, Time: 00:02:49

Health: -7/42      AC:  8    Str: 25    XL:     5   Next: 27%
Magic:  5/5        EV:  9    Int:  9    God:
Gold:   181        SH: 10    Dex: 10    Spells: 4/4 levels left

rFire    . . .     SeeInvis +   a - +0 war axe
rCold    . . .     Gourm    .   c - +0 shield
rNeg     . . .     Faith    .   b - +0 scale mail
rPois    .         Spirit   .   (helmet unavailable)
rElec    .         Reflect  .   q - +0 cloak
rCorr    .         Harm     .   (no gloves)
MR       .....                  (no boots)
Stlth    ..........             (no amulet)
HPRegen  0.14/turn              (no ring)
MPRegen  0.09/turn              (no ring)

@: mighty
A: permanent stasis, dig shafts and tunnels, four strong arms, antennae 3
a: Dig, Shaft Self


You were on level 4 of the Dungeon.
You were not hungry.

You visited 1 branch of the dungeon, and saw 4 of its levels.

You collected 181 gold pieces.

Inventory:

Hand Weapons
 a - a +0 war axe (weapon)
Armour
 b - a +0 scale mail (worn)
 c - a +0 shield (worn)
 p - a +2 cloak of poison resistance
   (You took it off Crazy Yiuf on level 2 of the Dungeon)
 q - a +0 cloak (worn)
   (You found it on level 2 of the Dungeon)
Scrolls
 e - 8 scrolls of identify {unknown}
 g - 2 scrolls of enchant armour {unknown}
 i - a scroll of blinking {unknown}
 k - a scroll of immolation {unknown}
 l - 2 scrolls of remove curse {unknown}
 n - 2 scrolls of teleportation {unknown}
 s - a scroll of magic mapping {unknown}
Potions
 d - a potion of might
 h - a potion of heal wounds {unknown}
 j - a potion of curing {unknown}
 m - a potion of berserk rage {unknown}
 o - 4 potions of brilliance {unknown}
Comestibles
 f - 6 rations


   Skills:
 + Level 3.9 Fighting
 * Level 3.3 Axes
 + Level 3.9 Armour
 + Level 1.3 Dodging
 + Level 4.2 Shields


You had 4 spell levels left.
You didn't know any spells.

Dungeon Overview and Level Annotations

Branches:
Dungeon (4/15)
 Temple: D:4-7

Altars:

Annotations:
D:4 Setanta's ghost, novice GnFi


Innate Abilities, Weirdness & Mutations

You cannot be hasted, slowed, berserked, paralysed or teleported.
You can dig through walls and to a lower floor.
Your four strong arms can wield two-handed weapons with a shield.
You have a pair of large antennae on your head. (SInv)


Message History

No target in view!
No target in view!
No target in view!
No target in view!
Done exploring.
No target in view!
No target in view!
No target in view!
No target in view!
No target in view!
Done exploring.
Done exploring.
Done exploring.
(D) Dungeon
Where to? (Enter - D:3, ? - help)
You see here 22 arrows.
There is a stone staircase leading down here.
You climb downwards.
You sense a monster nearby.
There is a stone staircase leading up here.
A frilled lizard comes into view.
The frilled lizard hisses angrily.
A worm comes into view.
You block the worm's attack.
The frilled lizard bites you but does no damage.
You slash the worm! You slash the frilled lizard!
You kill the frilled lizard!
You slash the worm!
You kill the worm!
No target in view!
No target in view!
No target in view!
No target in view!
No target in view!
No target in view!
No target in view!
No target in view!
No target in view!
No target in view!
No target in view!
No target in view!
A giant cockroach comes into view.
You closely miss the giant cockroach.
The giant cockroach bites you but does no damage.
The giant cockroach misses you.
You barely miss the giant cockroach. The giant cockroach barely misses you.
You slash the giant cockroach!
You kill the giant cockroach!
No target in view!
A howler monkey zombie comes into view.
You block the howler monkey zombie's attack.
You slash the howler monkey zombie!
The howler monkey zombie hits you but does no damage.
You hit the howler monkey zombie. The howler monkey zombie hits you.
You take 5 damage, and have 37/42 hp.
You slash the howler monkey zombie! The howler monkey zombie hits you.
The howler monkey zombie hits you but does no damage.
You take 5 damage, and have 32/42 hp.
You slash the howler monkey zombie!
You destroy the howler monkey zombie!
No target in view!
No target in view!
No target in view!
No target in view!
A bullfrog comes into view.
You regained 2 hp, and now have 34/42 hp.
You block the bullfrog's attack. The bullfrog hits you.
You take 5 damage, and have 29/42 hp.
The bullfrog closely misses you. You block the bullfrog's attack.
Your scale mail prevents you from hitting the bullfrog.
You block the bullfrog's attack. x2
You barely miss the bullfrog. The bullfrog hits you.
Something unseen opens the door.
You block the bullfrog's attack.
You take 5 damage, and have 25/42 hp.
You closely miss the bullfrog.
The bullfrog hits you but does no damage. x2
Setanta's ghost (novice Gnoll Fighter) comes into view.
You closely miss the bullfrog.
Setanta's ghost turns its malevolent gaze towards you.
The bullfrog hits you. You block the bullfrog's attack.
You take 3 damage, and have 22/42 hp.
You feel very mighty all of a sudden. You block the bullfrog's attack.
The bullfrog closely misses you.
You closely miss the bullfrog.
The bullfrog hits you but does no damage.
You block the bullfrog's attack.
You barely miss the bullfrog. You slash Setanta's ghost!
You block the bullfrog's attack. Setanta's ghost hits you.
The bullfrog closely misses you. You block Setanta's ghost's attack.
You take 5 damage, and have 18/42 hp.
You barely miss the bullfrog. You closely miss Setanta's ghost.
The bullfrog hits you but does no damage.
You block the bullfrog's attack. Setanta's ghost hits you!
* * * LOW HITPOINT WARNING * * *
You take 14 damage, and have 4/42 hp.
MASSIVE DAMAGE!!
You slice the bullfrog!! You hit Setanta's ghost.
The bullfrog closely misses you. Setanta's ghost hits you!
You die...

#. #####.############
.................#
###.....#######.######
'.....+.............
#.....########.#....
+%.....# #...###
##.##..WF..########..#<#
....'..@.............#.#
....#......#######.#.#.#
....##.###.# #.#.#.. ...
#. .# #.....# #. +#
##.#..# #. ......††# #.
#####.#.# #. #...# #...#


You could see a bullfrog and Setanta's ghost.

Vanquished Creatures
  Crazy Yiuf (D:2)
  A howler monkey zombie (D:4)
  An adder (D:2)
  3 oozes
  3 worms
  3 dart slugs
  3 leopard geckos (D:2)
  2 orcs (D:3)
  4 giant cockroaches
  3 hobgoblins
  2 bats (D:1)
  6 frilled lizards
  4 goblins
  6 kobolds
  4 rats
46 creatures vanquished.

Notes
Turn   | Place    | Note
-------+----------+-------------------------------------------
     0 | D:1      | shakethe the Formicid Fighter began the quest for the Orb.
     0 | D:1      | Reached XP level 1. HP: 18/18 MP: 1/1
   374 | D:1      | Reached XP level 2. HP: 24/24 MP: 2/2
   598 | D:1      | Reached XP level 3. HP: 28/29 MP: 3/3
  1090 | D:2      | Found a runed door.
  1147 | D:2      | Reached skill level 4 in Shields
  1150 | D:2      | Reached skill level 1 in Dodging
  1349 | D:2      | Reached XP level 4. HP: 30/37 MP: 4/4
  1584 | D:2      | Noticed Crazy Yiuf
  1596 | D:2      | Killed Crazy Yiuf
  1596 | D:2      | Reached skill level 3 in Axes
  1771 | D:3      | Reached XP level 5. HP: 36/42 MP: 5/5
  2519 | D:4      | Noticed a bullfrog
  2527 | D:4      | Noticed Setanta's ghost (novice GnFi)
  2531 | D:4      | HP: 4/42 [Setanta's ghost (14)]
  2532 | D:4      | Mangled by Setanta's ghost

Skill      XL: |  1  2  3  4 |
---------------+-------------+-----
Shields        | 4 |  4.2
Dodging        | 1 |  1.3
Axes           | 3 |  3.3
Fighting       | |  3.9
Armour         | |  3.9

Action                   |  1- 3 |  4- 6 || total
-------------------------+-------+-------++-------
Melee: War axe           |    75 |    74 ||   149
  Use: Potion            |       |     1 ||     1
  Eat: Chunk             |     1 |     4 ||     5
Armor: Scale mail        |    50 |    22 ||    72
Dodge: Dodged            |    31 |    28 ||    59
Block: Shield            |    48 |    38 ||    86

Vault maps used:
D:1:      wheals_arrival_shading
D:2:      uniq_crazy_yiuf_cottage
D:3:      first_ration
D:4:      minivault_27, fedhas_altar_fruit_tree

Table legend:
 A = Turns spent in this place as a percentage of turns spent in the entire game.
 B = Non-inter-level travel turns spent in this place as a percentage of non-inter-level travel turns spent in the entire game.
 C = Inter-level travel turns spent in this place as a percentage of turns spent in this place.
 D = Turns resting spent in this place as a percentage of non-inter-level travel turns spent in this place.
 E = Turns spent auto-exploring this place as a percentage of non-inter-level travel turns spent in this place.
 F = Non-inter-level travel turns spent in this place divided by the number of levels of this place that you've seen.
                   A       B       C       D       E      F
               +-------+-------+-------+-------+-------+----------------------
         Total | 100.0 | 100.0 |   2.8 |  17.4 |  67.0 | 615.0
       Dungeon | 100.0 | 100.0 |   2.8 |  17.4 |  67.0 | 615.0
               +-------+-------+-------+-------+-------+----------------------

Table legend:
 A = Kills in this place as a percentage of kills in entire the game.
 B = Kills by you in this place as a percentage of kills by you in the entire game.
 C = Kills by friends in this place as a percentage of kills by friends in the entire game.
 D = Other kills in this place as a percentage of other kills in the entire game.
 E = Experience gained in this place as a percentage of experience gained in the entire game.
 F = Experience gained in this place divided by the number of levels of this place that you have seen.
                   A       B       C       D       E      F
               +-------+-------+-------+-------+-------+----------------------
         Total | 100.0 | 100.0 |   N/A |   N/A | 100.0 |  43.8
       Dungeon | 100.0 | 100.0 |   N/A |   N/A | 100.0 |  43.8
               +-------+-------+-------+-------+-------+----------------------
